 Dungeon Crawl Stone Soup version 0.31.0-12-g77e489cdc1 (webtiles) character file.

Game seed: 14324836171641499195

2263 Doomgape the Fighter (level 9, 0/83 HPs)
             Began as a Minotaur Fighter on Mar 3, 2024.
             Slain by a yak (6 damage)
             ... on level 6 of the Dungeon.
             The game lasted 00:10:04 (5314 turns).

Doomgape the Fighter (Minotaur Fighter)             Turns: 5314, Time: 00:10:04

Health: 0/83       AC: 11    Str: 23 (24) XL:     9   Next: 15%
Magic:  8/8        EV:  8    Int:  3 (4)  God:
Gold:   221        SH: 11    Dex: 12 (14) Spells: 8/8 levels left

rFire   . . .        a - +1 long sword
rCold   . . .        p - +3 kite shield
rNeg    + . .        b - +0 scale mail
rPois   .            (helmet restricted)
rElec   .            (no cloak)
rCorr   .            (no gloves)
SInv    .            o - +2 pair of boots
Will    .....        (no amulet) Stlth
                     g - ring of positive energy
HPRegen 0.33/turn    (no ring)
MPRegen 0.11/turn

%: no passive effects
@: mighty
A: horns 2, retaliatory headbutt, agile 1, no potion heal 1
a: no special abilities


You were on level 6 of the Dungeon.
You visited 1 branch of the dungeon, and saw 6 of its levels.

You collected 221 gold pieces.

Inventory:

Hand Weapons
 a - a +1 long sword (weapon)
Missiles
 l - 2 javelins (quivered)
Armour
 b - a +0 scale mail (worn)
 o - a +2 pair of boots (worn)
 p - a +3 kite shield (worn)
Jewellery
 c - a +6 ring of dexterity
 g - a ring of positive energy (left hand)
Wands
 r - a wand of quicksilver (5)
Scrolls
 e - a scroll of immolation
 h - 4 scrolls of fog
 j - a scroll of amnesia
 k - a scroll of blinking
 q - 2 scrolls of identify
 s - a scroll of revelation
 u - a scroll of poison {unknown}
 v - a scroll of enchant armour
Potions
 d - a potion of might
 f - a potion of berserk rage {unknown}
 i - a potion of degeneration
 m - a potion of curing {unknown}
 n - a potion of brilliance {unknown}


   Skills:
 + Level 9.3 Fighting
 + Level 8.7 Long Blades
 + Level 9.2 Armour
 - Level 3.6 Shields


You had 8 spell levels left.
You didn't know any spells.
Your spell library contained the following spells:

 Spells                   Type           Power      Damage    Failure   Level
 Slow                     Hex            0%         N/A       96%         1
 Cigotuvi's Dreadful Rot  Necr/Alch/Air  0%         N/A       99%         2
 Mercury Vapours          Alch/Air       0%         N/A       99%         2
 Static Discharge         Conj/Air       0%         3-3/arc   99%         2
 Confusing Touch          Hex            0%         N/A       100%        3
 Mephitic Cloud           Conj/Alch/Air  0%         N/A       100%        3
 Sigil of Binding         Hex            0%         N/A       100%        3
 Vampiric Draining        Necr           0%         2d6       100%        3
 Airstrike                Air            0%         2d(0-16)  100%        4
 Animate Armour           Summ/Erth      0%         N/A       100%        4
 Ignite Poison            Fire/Alch      0%         N/A       100%        4
 Summon Lightning Spire   Summ/Air       0%         N/A       100%        4
 Freezing Cloud           Conj/Ice/Air   0%         6-21      100%        5
 Lee's Rapid Deconstruct  Erth           0%         3d4*      100%        5


Dungeon Overview and Level Annotations

Branches:
Dungeon (6/15)
 Temple: D:4-7

Altars:

Annotations:
D:3 1 runed translucent door, CapUranus's ghost, amateur HOFi


Innate Abilities, Weirdness & Mutations

You have a pair of horns on your head.
You reflexively headbutt those who attack you in melee.
You are agile. (Dex +4, Str/Int -1)
Potions are less effective at restoring your health.


Message History

* * * LOW HITPOINT WARNING * * *
Unknown command.
You closely miss the yak. You headbutt the yak.
The yak is severely wounded.
The yak gores you but does no damage.
Unknown command.
You hit the yak.
The yak is almost dead.
You block the yak's attack.
You hit the yak.
You kill the yak!
You feel your dexterity returning.
Your Armour skill increases to level 9!
You slash the yak!
The yak is moderately wounded.
The yak gores you.
* * * LOW HITPOINT WARNING * * *
Unknown command.
You barely miss the yak.
The yak is moderately wounded.
The yak barely misses you.
You feel very mighty all of a sudden. The yak gores you.
* * * LOW HITPOINT WARNING * * *
Unknown command.
You barely miss the yak. You headbutt the yak.
The yak is moderately wounded.
The yak gores you but does no damage.
You slash the yak! You headbutt the yak!
You kill the yak!
You slice the yak!!
The yak is heavily wounded.
The yak gores you but does no damage.
You hit the yak.
The yak is severely wounded.
You block the yak's attack.
You closely miss the yak. You headbutt the yak!
The yak is almost dead.
The yak gores you.
You die...

##...##.##..#.#.#.#####
##.#.#.#.##......#.#
#...........##.###.#
#..#.#.#.#####.# #.#
#.#............# #..
#.##........#### ...
#.###.#####.# ### #.#
#.# #.####.### #.# #<#
#..Y@....# #.# #.#
#.######.# #.#
#.#####.# #.# #.....Y.#
####.#### ######.##
......>.Y#
#######..Y...Y.Y
#...######


You could see a yak.

Vanquished Creatures
  Sigmund (D:5)
  5 yaks (D:6)
  A wyvern (D:5)
  Menkaure (D:5)
  A water moccasin (D:6)
  An ice beast (D:6)
  A black bear (D:5)
  An ogre (D:5)
  Blork the orc (D:4)
  3 scorpions (D:5)
  4 hounds
  A bombardier beetle (D:6)
  2 sleepcaps
  An iguana (D:5)
  Terence (D:2)
  Natasha (thrice) (D:4)
  7 adders
  A shadow imp (D:6)
  A white imp (D:5)
  A dart slug (D:3)
  2 ribbon worms
  10 orcs
  4 endoplasms
  6 giant cockroaches
  7 goblins
  4 hobgoblins
  3 jackals (D:3)
  7 kobolds
  4 quokkas
  2 ball pythons
  8 bats
  6 rats
101 creatures vanquished.

Notes
Turn   | Place    | Note
-------+----------+-------------------------------------------
     0 | D:1      | Doomgape the Minotaur Fighter began the quest for the Orb.
     0 | D:1      | Reached XP level 1. HP: 19/19 MP: 0/0
   170 | D:1      | Reached XP level 2. HP: 27/27 MP: 1/1
   505 | D:1      | Found a faded altar of an unknown god.
   674 | D:2      | Noticed Terence
   680 | D:2      | Killed Terence
   681 | D:2      | Reached XP level 3. HP: 26/34 MP: 2/2
  1184 | D:2      | Reached XP level 4. HP: 41/41 MP: 3/3
  1851 | D:3      | Found a runed translucent door.
  1851 | D:3      | Noticed CapUranus's ghost (amateur HOFi)
  1980 | D:4      | Reached skill level 5 in Fighting
  1980 | D:4      | Reached skill level 5 in Armour
  1980 | D:4      | Reached XP level 5. HP: 42/48 MP: 4/4
  2366 | D:4      | Noticed Blork the orc
  2378 | D:4      | Killed Blork the orc
  2630 | D:4      | Noticed Natasha
  2644 | D:4      | Killed Natasha
  2645 | D:4      | Reached XP level 6. HP: 23/56 MP: 5/5
  3043 | D:4      | Noticed Natasha
  3052 | D:4      | Killed Natasha
  3188 | D:4      | Noticed Natasha
  3194 | D:4      | Killed Natasha
  3212 | D:5      | Entered Level 5 of the Dungeon
  3270 | D:5      | Reached skill level 5 in Long Blades
  3453 | D:5      | Noticed a wyvern
  3462 | D:5      | Killed a wyvern
  3463 | D:5      | Reached XP level 7. HP: 26/64 MP: 6/6
  3973 | D:5      | Noticed Sigmund
  3983 | D:5      | Killed Sigmund
  4150 | D:5      | Reached XP level 8. HP: 73/73 MP: 7/7
  4333 | D:5      | Noticed Menkaure
  4344 | D:5      | Killed Menkaure
  5296 | D:6      | Gained mutation: You are agile. (Dex +4, Str/Int -1)
                  | [potion of mutation]
  5296 | D:6      | Gained mutation: Potions are less effective at restoring
                  | your health. [potion of mutation]
  5298 | D:6      | Reached XP level 9. HP: 31/83 MP: 8/8
  5309 | D:6      | HP: 4/83 [yak (2)]
  5314 | D:6      | Slain by a yak

Illustrated notes

Levels and vault maps discovered:
D:1:      eino_arrival_tree_alley, layout_loops_ring,
          hellmonk_ecumenical_altar_lost_god
D:2:      layout_rooms, grunt_decor_resistance, minmay_misc_feat_cross,
          chequers_serial_rivers_micro_a, uniq_terence
D:3:      layout_basic, gammafunk_ghost_grave, chequers_avenue,
          chequers_serial_rivers_micro_d
D:4:      layout_gridville, uniq_natasha, uniq_blork_the_orc
D:5:      layout_basic, serial_corexii_hall, corexii_hall_statues_x,
          corexii_hall_statues_x, uniq_menkaure, uniq_sigmund
D:6:      cheibrodos_barr_body, layout_loops_ring, eino_curves_03,
          hellmonk_no_cap

Skill      XL: |  1  2  3  4  5  6  7  8  9 |
---------------+----------------------------+-----
Fighting       | 4 5 6 7 9 |  9.3
Armour         | 4 5 6 7 8 9 |  9.2
Long Blades    | 3 4 5 6 8 |  8.7
Shields        | |  3.6

Action                     |  1- 3 |  4- 6 |  7- 9 || total
---------------------------+-------+-------+-------++-------
  Melee: Long sword        |    65 |   135 |   145 ||   345
         Headbutt          |    14 |    24 |    30 ||    68
  Evoke: Wand              |       |       |     2 ||     2
    Use: Scroll            |       |    10 |       ||    10
         Potion            |       |       |     5 ||     5
 Armour: Scale mail        |    41 |   116 |   104 ||   261
  Dodge: Dodged            |    32 |    59 |    42 ||   133
  Block: Buckler           |    14 |    11 |       ||    25
         Kite shield       |       |    49 |    71 ||   120
